 Dungeon Crawl Stone Soup version 0.17-a0-1954-g0dddeaa (webtiles) character file.

4067 Shim the Cleaver (level 10, 0/83 HPs)
             Began as a Hill Orc Gladiator on Oct 3, 2015.
             Was a Believer of Makhleb.
             Slain by a komodo dragon (20 damage)
             ... on level 1 of the Lair of Beasts on Oct 4, 2015.
             The game lasted 01:34:16 (14822 turns).

Shim the Cleaver (Hill Orc Gladiator)              Turns: 14822, Time: 01:34:17

Health: 0/83       AC: 12    Str: 19    XL:     10   Next: 25%
Magic:  14/14      EV: 12    Int:  9    God:    Makhleb [**....]
Gold:   493        SH: 11    Dex: 13    Spells: 1 memorised, 13 levels left

rFire  . . .     SeeInvis .     e - +2 hand axe (flame)
rCold  . . .     Clarity  .     p - +1 ring mail
rNeg   + . .     SustAt   .     A - +0 shield
rPois  .         Gourm    .     z - +0 helmet
rElec  .         Spirit   .     (no cloak)
rCorr  .         Warding  .     d - +1 pair of gloves
rMut   .         Stasis   .     j - +0 pair of boots
MR     .....                    h - amulet of faith
Stlth  +.........               (no ring)
                                f - ring of positive energy

@: not resistant to hostile enchantments, very unstealthy
A: no striking features
a: Minor Destruction, Renounce Religion


You were on level 1 of the Lair of Beasts.
You worshipped Makhleb.
Makhleb was pleased with you.
You were not hungry.

You visited 3 branches of the dungeon, and saw 10 of its levels.
You also visited: Sewer.

You collected 493 gold pieces.

Inventory:

Hand weapons
 e - a +2 hand axe of flaming (weapon)
 L - a +0 hand axe of electrocution
 Y - a +1 trident of piercing
Missiles
 P - 4 tomahawks
 Z - a throwing net (quivered)
Armour
 d - a +1 pair of gloves (worn)
 j - a +0 pair of boots (worn)
 p - a +1 ring mail (worn)
 z - a +0 helmet (worn)
 A - a +0 shield (worn)
 I - a +0 leather armour
Magical staves
 q - an uncursed staff of summoning
Rods
 K - a +2 rod of shadows (10/11)
   (You found it on level 5 of the Dungeon)
Jewellery
 f - a ring of positive energy (left hand)
 h - an amulet of faith (around neck)
Magical devices
 G - a wand of teleportation (0)
 R - a wand of teleportation (2)
 S - a wand of cold (8)
 U - a wand of random effects (18)
Scrolls
 u - 2 scrolls of random uselessness
 v - a scroll of amnesia {unknown}
 x - a scroll of enchant armour
 y - 5 scrolls of remove curse
 B - a scroll of immolation {unknown}
 C - 2 scrolls of teleportation
 J - 2 scrolls of blinking {unknown}
 Q - 2 scrolls of enchant weapon {unknown}
Potions
 c - 2 potions of poison {unknown}
 g - a potion of flight {unknown}
 k - a potion of ambrosia {unknown}
 l - 3 potions of might
 m - 2 potions of mutation {unknown}
 n - a potion of invisibility {unknown}
 o - 5 potions of cure mutation
 t - 2 potions of brilliance {unknown}
 w - a potion of agility {unknown}
 F - a potion of heal wounds {unknown}
 H - a potion of cancellation {unknown}
 V - a potion of beneficial mutation {unknown}
Books
 b - a book of Cantrips

   Spells                             Type                      Level
   a - Corona                         Hexes                        1
   b - Animate Skeleton               Necromancy                   1
   c - Summon Small Mammal            Summoning                    1
   d - Apportation                    Translocation                1
 D - a book of the Earth

   Spells                             Type                      Level
   a - Leda's Liquefaction            Hexes/Earth                  4
   b - Bolt of Magma                  Conjuration/Fire/Earth       5
   c - Statue Form                    Transmutation/Earth          6
   d - Iron Shot                      Conjuration/Earth            6
   e - Shatter                        Earth                        9
 O - a book of Hinderance

   Spells                             Type                      Level
   a - Confusing Touch                Hexes                        2
   b - Confuse                        Hexes                        3
   c - Gell's Gravitas                Hexes/Translocation          3
   d - Petrify                        Transmutation/Earth          4
   e - Metabolic Englaciation         Hexes/Ice                    5
Comestibles
 a - 5 bread rations
 i - 7 beef jerkies
 r - a royal jelly
 s - 2 meat rations
 E - 3 fruits


   Skills:
 + Level 5.9 Fighting
 + Level 8.2(8.3) Axes
 + Level 1.5(4.5) Polearms
 + Level 2.9 Throwing
 + Level 5.9 Armour
 + Level 6.0 Dodging
 + Level 1.3 Stealth
 * Level 8.0 Shields
 * Level 2.7 Spellcasting
 + Level 1.0 Summonings
 + Level 1.2 Evocations


You had 13 spell levels left.
You knew the following spells:

 Your Spells              Type           Power        Failure   Level  Hunger
a - Summon Small Mammal   Summ           #...         85%         1    ##.....


Dungeon Overview and Level Annotations

Branches:
Dungeon (8/15)             Temple (1/1) D:6            Lair (1/8) D:8

Altars:
Ashenzari
Cheibriados
Dithmenos
Elyvilon
Fedhas
Gozag
Kikubaaqudgha
Makhleb
Nemelex Xobeh
Okawaru
Qazlal
Ru
Sif Muna
Trog
Vehumet
Xom
Yredelemnul
Zin
The Shining One


Message History

The komodo dragon closely misses you.
You hit the komodo dragon but do no damage.
The komodo dragon is almost dead.
The komodo dragon bites you!
* * * LOW HITPOINT WARNING * * *
You are too injured to fight recklessly!
You are too injured to fight recklessly!
Use which ability?
Press: ? - help, Shift-Dir - straight line, f/p - komodo dragon
Aim: a komodo dragon (almost dead)
The zap hits the komodo dragon.
The komodo dragon is almost dead.
The zap hits the komodo dragon.
The komodo dragon appears unharmed.
The komodo dragon is almost dead.
The zap misses you.
You feel slightly more hungry. You block the komodo dragon's attack.
You barely miss the komodo dragon.
The komodo dragon is almost dead.
The komodo dragon bites you!!
You die...

### #..# ... #.###
###
#...########P######
#...l@..........#
#...#####.#######.#
#.### ### #..## ...
##. #...# ##. ...
#..## ## .. ##.#
#.#.##.##
#.......## ##
#####....###.


You could see a komodo dragon.

Vanquished Creatures
  Joseph (D:7)
  A troll (D:8)
  A basilisk (D:8)
  A hippogriff (D:7)
  2 wolves (D:8)
  An ice beast (D:8)
  A necrophage (D:7)
  2 phantoms
  An orc warrior (D:7)
  2 centaurs (D:8)
  A crocodile (Lair:1)
  6 ogres
  Blork the orc (D:4)
  4 scorpions
  2 wyvern skeletons
  3 giant frogs
  A wyvern zombie (D:8)
  2 electric eels (D:8)
  4 killer bees (D:8)
  4 crimson imps
  3 orc priests (D:8)
  3 orc wizards
  Ijyb (D:3)
  6 hounds (D:8)
  Jessica (D:3)
  Terence (D:2)
  2 iguanas
  3 worker ants
  7 adders
  5 gnolls
  A river rat (D:4)
  A shadow imp (D:5)
  An ooze (D:4)
  2 adder zombies (D:8)
  An adder skeleton (D:8)
  4 worms
  6 giant geckos
  22 orcs
  4 ball pythons
  13 bats
  14 giant cockroaches
  9 goblins
  16 hobgoblins
  4 jackals
  2 giant gecko zombies
  9 giant newts
  4 kobolds
  8 quokkas
  A quokka zombie (D:5)
  15 rats
210 creatures vanquished.

Vanquished Creatures (collateral kills)
  A water moccasin (Lair:1)
  A jelly (D:7)
2 creatures vanquished.

Vanquished Creatures (others)
  A giant frog (D:8)
  3 orcs (D:6)
  2 plants (Lair:1)
6 creatures vanquished.

Grand Total: 218 creatures vanquished

Notes
Turn   | Place    | Note
--------------------------------------------------------------
     0 | D:1      | Shim the Hill Orc Gladiator began the quest for the Orb.
     0 | D:1      | Reached XP level 1. HP: 18/18 MP: 1/1
   499 | D:1      | Reached XP level 2. HP: 25/25 MP: 2/2
   763 | D:1      | Reached skill level 1 in Polearms
   962 | D:1      | Reached XP level 3. HP: 21/30 MP: 3/3
  1949 | D:2      | Reached skill level 1 in Armour
  2084 | D:2      | Noticed Terence
  2257 | D:2      | Killed Terence
  2257 | D:2      | Reached XP level 4. HP: 14/37 MP: 4/4
  2595 | D:2      | Found a faded altar to an unknown god.
  2843 | D:2      | Found a sparkling altar of Nemelex Xobeh.
  3221 | D:3      | Noticed Jessica
  3230 | D:3      | Killed Jessica
  3230 | D:3      | Reached skill level 1 in Stealth
  3230 | D:3      | Reached XP level 5. HP: 27/45 MP: 5/5
  3615 | D:3      | Noticed Ijyb
  3628 | D:3      | Killed Ijyb
  3929 | D:3      | Found a shadowy altar of Dithmenos.
  4353 | D:4      | Noticed Blork the orc
  4372 | D:4      | Killed Blork the orc
  4372 | D:4      | Reached skill level 1 in Shields
  4372 | D:4      | Reached XP level 6. HP: 22/51 MP: 6/6
  4467 | D:4      | Found a glowing drain.
  4506 | Sewer    | Entered a sewer
  5798 | D:5      | Entered Level 5 of the Dungeon
  5808 | D:5      | Reached skill level 5 in Axes
  5832 | D:5      | Identified a +2 rod of shadows (11/11) (You found it on level 5 of the Dungeon)
  5876 | D:5      | Reached XP level 7. HP: 24/57 MP: 7/7
  6854 | D:6      | Found a deep blue altar of Sif Muna.
  6908 | D:6      | Reached XP level 8. HP: 66/66 MP: 8/8
  6965 | D:6      | Found a staircase to the Ecumenical Temple.
  7019 | Temple   | Entered the Ecumenical Temple
  7157 | Temple   | Became a worshipper of Makhleb the Destroyer
  7337 | D:6      | Reached skill level 6 in Axes
  7621 | D:6      | You fall through a shaft for 2 floors!
  7658 | D:7      | Noticed Joseph
  8185 | D:6      | Found a bloodstained altar of Trog.
  8185 | D:6      | Noticed a moth of wrath
  8780 | D:7      | Acquired Makhleb's first power
  8780 | D:7      | Reached skill level 5 in Shields
  8789 | D:7      | Reached skill level 5 in Armour
  9049 | D:7      | Found a snail-covered altar of Cheibriados.
  9080 | D:7      | Killed Joseph
  9080 | D:7      | Reached skill level 7 in Axes
  9080 | D:7      | Reached skill level 1 in Evocations
  9080 | D:7      | Reached XP level 9. HP: 44/70 MP: 9/9
  9206 | D:7      | Reached skill level 5 in Dodging
  9582 | D:7      | Reached skill level 5 in Fighting
  9742 | D:7      | Found an iron altar of Okawaru.
  9745 | D:7      | Found a shimmering altar of Xom.
  9747 | D:7      | Found a basalt altar of Yredelemnul.
 10301 | D:8      | Found a staircase to the Lair.
 10306 | D:8      | Noticed a troll
 10640 | D:8      | Reached skill level 1 in Spellcasting
 10663 | D:8      | Acquired Makhleb's second power
 11762 | D:8      | Reached skill level 8 in Axes
 12127 | D:8      | Reached XP level 10. HP: 83/83 MP: 12/12
 12404 | D:8      | Killed a troll
 13353 | D:8      | Learned a level 1 spell: Summon Small Mammal
 14413 | Lair:1   | Entered Level 1 of the Lair of Beasts
 14710 | Lair:1   | Reached skill level 1 in Summonings
 14822 | Lair:1   | Slain by a komodo dragon

Vault maps used:
D:1:      dpeg_arrival_simpleton_b, minmay_misc_feat_secret_circle
D:2:      ecumenical_altar_1, first_bread, nemelex_xobeh_ov_fountains_minmay,
          uniq_terence
D:3:      nicolae_dithmenos_shadow_blocks, uniq_jessica, uniq_iyjb
D:4:      portal_sewer_entry_a, kennysheep_generic_room_7, uniq_blork_the_orc
D:6:      old_standard_altar, lemuel_temple_firewalk, tgw_trog
D:7:      grunt_temple_overflow_diamond, basic_altar, minivault_5, minivault_14,
          grunt_ogre_cave, minmay_misc_feat_five, uniq_joseph
D:8:      erik_lair_island
Temple:   water_room_temple_a_12
Lair:1:   grunt_forest_large_clearing_hut, wad_woods_river_01, uniq_nergalle,
          uniq_harold
Sewer:    sewer_frog_island_01

Action                   |  1- 3 |  4- 6 |  7- 9 | 10-12 || total
-------------------------+-------+-------+-------+-------++-------
Melee: War axe           |    13 |       |       |       ||    13
       Spear             |   148 |       |       |       ||   148
       Hand axe          |    23 |   242 |   503 |    82 ||   850
       Staff             |       |       |       |    27 ||    27
       Trident           |       |       |       |     6 ||     6
Throw: Throwing net      |     5 |     3 |     8 |     2 ||    18
       Tomahawk          |       |       |     6 |     1 ||     7
 Cast: Summon Small Mamm |       |       |       |     8 ||     8
Invok: Minor Destruction |       |       |       |    15 ||    15
Evoke: Wand              |       |       |     7 |       ||     7
       Rod               |       |       |     4 |     2 ||     6
  Use: Scroll            |     4 |     2 |    10 |       ||    16
       Potion            |       |       |     5 |       ||     5
 Stab: Held in net/web   |     1 |       |       |       ||     1
  Eat: Chunk             |     2 |     2 |     1 |       ||     5
       Bread ration      |     1 |     2 |       |       ||     3
       Fruit             |       |     1 |     6 |       ||     7
       Meat ration       |       |       |     3 |     2 ||     5
       Pizza             |       |       |     1 |       ||     1
